 Dungeon Crawl Stone Soup version 0.22-a0-443-g17c3723 (webtiles) character file.

42 iamserjio the Bolt Thrower (level 3, -1/22 HPs)
             Began as a Kobold Hunter on May 31, 2018.
             Slain by Terence
             ... wielding a +0 trident
              (5 damage)
             ... on level 2 of the Dungeon.
             The game lasted 00:02:48 (992 turns).

iamserjio the Bolt Thrower (Kobold Hunter)           Turns: 992, Time: 00:02:48

Health: -1/22      AC:  4    Str: 10    XL:     3   Next: 80%
Magic:  3/3        EV: 15    Int: 12    God:
Gold:   33         SH:  0    Dex: 15    Spells: 2/2 levels left

rFire    . . .     SeeInvis .   b - +0 short sword
rCold    . . .     Gourm    .   (shield restricted)
rNeg     . . .     Faith    .   c - +0 leather armour
rPois    .         Spirit   .   (no helmet)
rElec    .         Reflect  .   (no cloak)
rCorr    .         Harm     .   r - +0 pair of gloves (curse)
MR       .....                  (no boots)
Stlth    ++........             (no amulet)
HPRegen  0.07/turn              (no ring)
MPRegen  0.08/turn              (no ring)

@: no status effects
A: small, carnivore
a: no special abilities


You were on level 2 of the Dungeon.
You were not hungry.

You visited 1 branch of the dungeon, and saw 2 of its levels.

You collected 33 gold pieces.

Inventory:

Hand Weapons
 a - a +1 hand crossbow
 b - a +0 short sword (weapon)
Armour
 c - a +0 leather armour (worn)
 j - a cursed +0 ring mail
 r - a cursed +0 pair of gloves (worn)
Jewellery
 k - an uncursed amulet of faith {unknown}
Scrolls
 h - 4 scrolls of identify {unknown}
 i - 3 scrolls of remove curse {unknown}
 l - a scroll of random uselessness {unknown}
 o - a scroll of noise {unknown}
 s - a scroll of magic mapping {unknown}
Potions
 e - a potion of resistance {unknown}
 g - a potion of might {unknown}
 m - a potion of lignification {unknown}
 n - a potion of flight {unknown}
 p - a potion of heal wounds {unknown}
 q - 3 potions of curing {unknown}
Comestibles
 f - 2 rations


   Skills:
 + Level 2.7 Fighting
 * Level 2.0 Short Blades
 + Level 5.1 Crossbows
 + Level 2.9 Dodging
 + Level 2.2 Stealth


You had 2 spell levels left.
You didn't know any spells.
Your spell library was empty.

Dungeon Overview and Level Annotations

Branches:
Dungeon (2/15)

Altars:

Annotations:
D:2 Terence


Innate Abilities, Weirdness & Mutations

You are small and have problems with some larger weapons.
You are carnivorous and can eat meat at any time.


Message History

Terence hits you but does no damage.
Terence shouts, "ATTACK!!!"
Terence completely misses you.
Firing (i - inventory)
d - 2 bolts (quivered)
Press: ? - help, Shift-Dir - straight line, f/p - Terence
Aim: Terence, wielding a trident and wearing a runed scale mail (severely wounded)
You shoot a bolt. The bolt barely misses Terence.
Terence closely misses you.
Firing (i - inventory)
d - a bolt (quivered)
Press: ? - help, Shift-Dir - straight line, f/p - Terence
Aim: Terence, wielding a trident and wearing a runed scale mail (severely wounded)
You shoot a bolt. The bolt closely misses Terence.
Terence barely misses you.
Wield which item (- for none, * to show all)? (? for menu, Esc to quit)
b - a +0 short sword (weapon)
Terence hits you with a trident!
* * * LOW HITPOINT WARNING * * *
You see here a bolt.
You hit Terence but do no damage.
Terence is severely wounded.
Terence hits you with a trident.
You die...

#....##.####
..(... #####
#...# ###.(....
###.####.....(##
#...#........#
###รท........(.
##.<........
#..........
#.##....$.....
#.....@.......
#####.@......#
#..(.......
#.....(.$..
#..........
#..........
#..(...(...
##........#


You could see Terence.

Vanquished Creatures
  2 adders (D:2)
  A worm (D:2)
  A dart slug (D:2)
  A giant cockroach (D:1)
  4 goblins (D:1)
  3 hobgoblins
  4 kobolds
  3 bats
  A frilled lizard (D:2)
  2 rats
22 creatures vanquished.

Notes
Turn   | Place    | Note
-------+----------+-------------------------------------------
     0 | D:1      | iamserjio the Kobold Hunter began the quest for the Orb.
     0 | D:1      | Reached XP level 1. HP: 12/12 MP: 1/1
   161 | D:1      | Reached skill level 1 in Short Blades
   161 | D:1      | Reached XP level 2. HP: 18/18 MP: 2/2
   530 | D:1      | Reached skill level 5 in Crossbows
   646 | D:2      | Noticed Terence
   729 | D:2      | Reached XP level 3. HP: 22/22 MP: 3/3
   992 | D:2      | Slain by Terence

Vault maps used:
D:1:      tarquinn_simple_flora_water_a
D:2:      lemuel_upstairs_altar, uniq_terence

Skill      XL: |  1  2  3 |
---------------+----------+-----
Short Blades   | 1 2 |  2.0
Crossbows      | 5 |  5.1
Stealth        | 2 |  2.2
Fighting       | |  2.7
Dodging        | |  2.9

Action                   || total
-------------------------++-------
Melee: Short sword       ||     9
 Fire: Hand crossbow     ||    60
Armor: Leather armour    ||     3
Dodge: Dodged            ||    23

Table legend:
 A = Spawn XP
 B = Non-spawn XP
 C = Spawn XP percentage of total XP
 D = Spawn monster count
 E = Non-spawn monster count
 F = Spawn count percentage of total count
 G = Total turns spent on level
                    A         B        C        D         E        F      G
               +---------+---------+-------+---------+---------+-------+---------
         Total |       0 |      61 |   0.0 |       0 |      22 |   0.0 |   992
               +---------+---------+-------+---------+---------+-------+---------
           D:1 |       0 |      19 |   0.0 |       0 |      12 |   0.0 |   688
           D:2 |       0 |      42 |   0.0 |       0 |      10 |   0.0 |   304
               +---------+---------+-------+---------+---------+-------+---------
